 Dungeon Crawl Stone Soup version 0.31-a0-1237-gabc64e778c (webtiles) character file.

Game seed: 2367679210145289942

13022 BubbleThief the Fighter (level 11, -3/147 HPs)
             Began as a Demonspawn Necromancer on Dec 15, 2023.
             Was an Elder of Wu Jian.
             Slain by a ten-headed hydra (7 damage)
             ... on level 2 of the Lair of Beasts.
             The game lasted 00:25:30 (9954 turns).

BubbleThief the Fighter (Demonspawn Necromancer)    Turns: 9954, Time: 00:25:31

Health: -3/147     AC:  9    Str: 16    XL:     11   Next: 70%
Magic:  0/14       EV: 11    Int: 18    God:    Wu Jian [****..]
Gold:   710        SH:  0    Dex: 14    Spells: 7/15 levels left

rFire   + .          .
                       - Unarmed
rCold   . . .        (no shield)
rNeg    + . .        C - +3 leather armour {rN+}
rPois   .            (no helmet)
rElec   .            d - +2 cloak
rCorr   .            (gloves unavailable)
SInv    .            (no boots)
Will    .....        m - amulet of regeneration Stlth
                     s - +6 ring of strength
HPRegen 1.24/turn    D - ring of protection from fire
MPRegen 0.28/turn

%: guardian spirit
@: berserking, very slightly contaminated, very quick
A: claws 3, magic shield, magic regeneration, demonic magic 2
a: Renounce Religion, Wall Jump, Serpent's Lash


You were on level 2 of the Lair of Beasts.
You worshipped Wu Jian.
Wu Jian was greatly pleased with you.
You visited 2 branches of the dungeon, and saw 11 of its levels.

You collected 710 gold pieces.

Inventory:

Armour
 d - a +2 cloak (worn)
 z - a +3 leather armour of fire resistance
 C - a +3 leather armour of positive energy (worn)
Magical Staves
 o - a staff of death
Jewellery
 c - an amulet of faith
 m - an amulet of regeneration (around neck)
 s - a +6 ring of strength (left claw)
 D - a ring of protection from fire (right claw)
Wands
 i - a wand of polymorph (9)
 j - a wand of charming (7)
 q - a wand of flame (8)
 t - a wand of iceblast (6)
 F - a wand of light (6)
Scrolls
 a - a scroll of torment
 e - 3 scrolls of enchant armour
 f - a scroll of blinking
 p - a scroll of vulnerability
 v - 3 scrolls of amnesia
 w - a scroll of identify
 y - 5 scrolls of teleportation
Potions
 b - a potion of magic
 g - 3 potions of heal wounds
 h - a potion of curing
 k - 2 potions of might
 l - 2 potions of invisibility
 n - a potion of resistance
 r - a potion of attraction
 u - a potion of cancellation {unknown}
 x - a potion of berserk rage
 A - 2 potions of enlightenment
 B - 2 potions of brilliance
 E - 4 potions of mutation


   Skills:
 + Level 13.3 Fighting
 - Level 1.7 Dodging
 - Level 1.7 Stealth
 + Level 11.8 Unarmed Combat
 - Level 2.5 Spellcasting
 - Level 5.3 Necromancy


You had 7 spell levels left.
You knew the following spells:

 Your Spells              Type           Power      Damage    Failure   Level
a - Necrotise             Necr           84%        1d8       2%          1
b - Vampiric Draining     Necr           21%        2d7       7%          3
c - Animate Dead          Necr           21%        N/A       22%         4

Your spell library contained the following spells:

 Spells                   Type           Power      Damage    Failure   Level
 Blink                    Tloc           4%         N/A       32%         2
 Lesser Beckoning         Tloc           4%         N/A       32%         2
 Momentum Strike          Conj/Tloc      4%         3d8       32%         2
 Frozen Ramparts          Ice            4%         1d1       54%         3
 Inner Flame              Hex/Fire       2%         N/A       54%         3
 Agony                    Necr           21%        N/A       54%         5
 Borgnjor's Vile Clutch   Necr/Erth      6%         N/A       88%         5
 Flame Wave               Conj/Fire      2%         2d4       91%         4
 Petrify                  Tmut/Erth      2%         N/A       91%         4
 Sticky Flame             Conj/Fire      2%         2d3       91%         4
 Alistair's Intoxication  Tmut/Pois      1%         N/A       99%         5
 Metabolic Englaciation   Hex/Ice        1%         N/A       99%         5
 Conjure Ball Lightning   Conj/Air       1%         3x3d6     100%        6
 Eringya's Noxious Bog    Tmut/Pois      1%         4d6       100%        6
 Discord                  Hex            1%         N/A       100%        8
 Disjunction              Tloc           1%         N/A       100%        8


Dungeon Overview and Level Annotations

Branches:
Dungeon (9/15)             Temple (0/1) D:5            Lair (2/5) D:8
  Swamp: Lair:2-3    Shoals: Lair:2-3     Snake: Lair:2-3    Spider: Lair:2-3
    Orc: D:9-12

Altars:
Uskayaw
Vehumet
Wu Jian
Xom

Shops:
D:8 *

Annotations:
Lair:1 2 transporters


Innate Abilities, Weirdness & Mutations

You have claws for hands.
When hurt, damage is shared between your health and your magic reserves.
You regenerate magic rapidly.
Spells you cast may paralyse nearby enemies.


Message History

You tear one of the nine-headed hydra's heads off!
The eight-headed hydra grows two more!
You claw the ten-headed hydra!
The ten-headed hydra is severely wounded.
The ten-headed hydra is no longer paralysed.
The ten-headed hydra bites you!
The ten-headed hydra bites you but does no damage. x2
The ten-headed hydra bites you. x2; The ten-headed hydra bites you!
The ten-headed hydra bites you but does no damage.
The ten-headed hydra bites you! The ten-headed hydra barely misses you.
The ten-headed hydra bites you.
You scratch the ten-headed hydra.
The ten-headed hydra is almost dead.
The ten-headed hydra bites you! The ten-headed hydra bites you.
The ten-headed hydra bites you but does no damage.
The ten-headed hydra bites you.
* * * LOW HITPOINT WARNING * * *
The ten-headed hydra bites you but does no damage. x2
The ten-headed hydra barely misses you. The ten-headed hydra bites you.
* * * LOW HITPOINT WARNING * * *
The ten-headed hydra bites you!
* * * LOW HITPOINT WARNING * * *
The ten-headed hydra misses you.
Unknown command.
Okay, then.
Okay, then.
A red film seems to cover your vision as you go berserk!
You feel yourself moving faster!
You feel mighty!
The ten-headed hydra completely misses you.
The ten-headed hydra bites you.
* * * LOW HITPOINT WARNING * * *
The ten-headed hydra bites you!
* * * LOW HITPOINT WARNING * * *
The ten-headed hydra bites you.
* * * LOW HITPOINT WARNING * * *
The ten-headed hydra bites you.
* * * LOW HITPOINT WARNING * * *
The ten-headed hydra bites you.
* * * LOW HITPOINT WARNING * * *
The ten-headed hydra bites you!
You die...

#....##.⌠.##....#.#
.##..#.##...####...##
.#...##......###...#
..>.⌠.##..>.^##.⌠.>##
.#...###.....###....#
..#...###...# #...###
......#.#.⌠.###...#
...#....#.........#.##.#
...#............@D.......
....##.........###P##....
...####†......# ## ..
#.##...#.....## ##
#.####.⌠.#.# #..###+..#
###.#....#..#
##P...........#
#..............


You could see a ten-headed hydra.

Vanquished Creatures
  3 black mambas
  6 elephants (Lair:2)
  Joseph (D:7)
  3 cane toads
  2 komodo dragons (Lair:1)
  A rime drake (Lair:1)
  Grinder (D:3)
  A hornet (D:9)
  A shadow (D:9)
  2 basilisks
  2 steam dragons
  12 yaks
  9 water moccasins
  Duvessa (D:6)
  3 orc warriors
  2 black bears
  An ogre (D:6)
  5 centaurs
  A phantom (D:6)
  6 kobold brigands
  7 bullfrogs
  2 gnoll sergeants
  2 scorpions (D:5)
  4 wights (D:9)
  Dowan (D:6)
  6 howler monkeys (D:7)
  Crazy Yiuf (D:6)
  A gnoll bouda (D:8)
  10 orc priests
  2 hounds
  2 jellies
  A sleepcap (D:4)
  20 orc wizards
  3 iguanas
  9 adders
  21 gnolls
  3 white imps
  2 ufetubi (D:6)
  2 worms
  40 orcs
  8 bats
  5 endoplasms
  4 giant cockroaches
  7 goblins
  12 hobgoblins
  7 jackals
  4 quokkas
  9 ball pythons
  7 frilled lizards
  40 kobolds
  8 rats
313 creatures vanquished.

Vanquished Creatures (collateral kills)
  2 adders (D:2)
  An orc (D:3)
  2 endoplasms
  A giant cockroach (D:2)
  A goblin (D:2)
  2 quokkas
  A frilled lizard (D:2)
10 creatures vanquished.

Vanquished Creatures (others)
  An orc wizard (D:7)
1 creature vanquished.

Grand Total: 324 creatures vanquished

Notes
Turn   | Place    | Note
-------+----------+-------------------------------------------
     0 | D:1      | BubbleThief the Demonspawn Necromancer began the quest for
                  | the Orb.
     0 | D:1      | Reached XP level 1. HP: 13/13 MP: 3/3
   284 | D:1      | Gained mutation: You regenerate magic rapidly. [demonic
                  | ancestry]
   284 | D:1      | Reached XP level 2. HP: 19/19 MP: 0/5
   407 | D:1      | Reached skill level 5 in Necromancy
   576 | D:1      | Gained mutation: You have sharp fingernails. [demonic
                  | ancestry]
   576 | D:1      | Reached XP level 3. HP: 14/24 MP: 0/6
   880 | D:2      | Learned a level 3 spell: Vampiric Draining
  1117 | D:2      | Reached skill level 1 in Fighting
  1135 | D:2      | Gained mutation: You have very sharp fingernails. [demonic
                  | ancestry]
  1135 | D:2      | Reached XP level 4. HP: 32/32 MP: 1/7
  1400 | D:2      | Reached skill level 2 in Fighting
  1516 | D:2      | Identified the ring of Jostrasirgh {Str+5 Int+6 Slay-5
                  | SInv}
  1663 | D:2      | Reached skill level 3 in Fighting
  1774 | D:3      | Gained mutation: You have claws for hands. [demonic
                  | ancestry]
  1774 | D:3      | Reached XP level 5. HP: 33/41 MP: 5/8
  2282 | D:3      | Reached skill level 1 in Unarmed Combat
  2371 | D:3      | Noticed Grinder
  2419 | D:3      | Paralysed by Grinder for 4 turns
  2430 | D:3      | Paralysed by Grinder for 2 turns
  2432 | D:3      | Killed Grinder
  2433 | D:3      | Reached skill level 4 in Fighting
  2433 | D:3      | Reached XP level 6. HP: 34/49 MP: 9/9
  2783 | D:4      | Reached skill level 5 in Fighting
  2788 | D:4      | Reached XP level 7. HP: 34/56 MP: 10/10
  2930 | D:4      | Found a hide-covered altar of Uskayaw.
  3337 | D:4      | Learned a level 4 spell: Animate Dead
  3476 | D:4      | Found a radiant altar of Vehumet.
  3658 | D:5      | Entered Level 5 of the Dungeon
  3746 | D:5      | Reached skill level 6 in Fighting
  3886 | D:6      | Noticed Duvessa
  3886 | D:6      | Noticed Dowan
  3916 | D:6      | Killed Duvessa
  3930 | D:6      | Killed Dowan
  3931 | D:6      | Gained mutation: Spells you cast may paralyse adjacent
                  | enemies. [demonic ancestry]
  3931 | D:6      | Reached XP level 8. HP: 24/65 MP: 4/11
  4005 | D:6      | Reached skill level 5 in Unarmed Combat
  4328 | D:6      | Reached skill level 7 in Fighting
  4480 | D:6      | Found a runed translucent door.
  4481 | D:6      | Noticed Crazy Yiuf
  4962 | D:5      | Found an ornate altar of the Wu Jian Council.
  5030 | D:5      | Found a staircase to the Ecumenical Temple.
  5099 | D:5      | Became a worshipper of the Wu Jian Council
  5523 | D:6      | Killed Crazy Yiuf
  5636 | D:7      | Reached skill level 8 in Fighting
  5721 | D:8      | Found a shimmering altar of Xom.
  5824 | D:8      | Found Xorphou's Serpentskin Sales.
  5835 | D:8      | Reached XP level 9. HP: 75/75 MP: 6/12
  5893 | D:8      | Found a staircase to the Lair.
  5919 | D:8      | Reached * piety under Wu Jian
  6242 | D:9      | Reached skill level 9 in Fighting
  6626 | D:9      | Reached skill level 10 in Fighting
  6715 | D:9      | Reached ** piety under Wu Jian
  6907 | D:8      | Gained mutation: Spells you cast may paralyse nearby
                  | enemies. [demonic ancestry]
  6907 | D:8      | Reached XP level 10. HP: 81/85 MP: 13/13
  7284 | D:8      | Identified the +8 spear of Doom {flame, rF+}
  7805 | D:7      | Reached *** piety under Wu Jian
  7834 | D:7      | Reached skill level 11 in Fighting
  8079 | D:7      | Noticed Joseph
  8298 | D:7      | Killed Joseph
  8513 | Lair:1   | Entered Level 1 of the Lair of Beasts
  8516 | Lair:1   | Noticed a cane toad
  8553 | Lair:1   | Noticed a black mamba
  8560 | D:8      | Killed a cane toad
  8561 | D:8      | Reached skill level 10 in Unarmed Combat
  8601 | Lair:1   | Noticed a cane toad
  8608 | D:8      | Killed a black mamba
  8644 | Lair:1   | Killed a cane toad
  8717 | Lair:1   | Found a transporter.
  8736 | Lair:1   | Reached skill level 12 in Fighting
  8740 | Lair:1   | Gained mutation: When hurt, damage is shared between your
                  | health and your magic reserves. [demonic ancestry]
  8740 | Lair:1   | Reached XP level 11. HP: 74/95 MP: 10/14
  8792 | Lair:1   | Reached **** piety under Wu Jian
  9238 | Lair:1   | Found a transporter.
  9759 | Lair:2   | Reached skill level 13 in Fighting
  9941 | Lair:2   | Noticed a five-headed hydra
  9954 | Lair:2   | HP: 4/147 [ten-headed hydra (5)]
  9954 | Lair:2   | Slain by a ten-headed hydra

Illustrated notes

Levels and vault maps discovered:
D:1:      mainiacjoe_arrival_reflecting_pool, layout_basic,
          minmay_indecisive_spiral
D:2:      minmay_thinvault, layout_rooms
D:3:      layout_loops_ring, uniq_grinder
D:4:      cheibrodos_greedy_goblins, layout_basic,
          mainiacjoe_overflow_cross_hatched, mainiacjoe_overflow_24_doors
D:5:      layout_basic, nicolae_wu_jian_immortal_techniques,
          minmay_temple_entry_statues, nicolae_titane
D:6:      layout_loops_ring, grunt_ministairs_4, minmay_misc_feat_hallway,
          minmay_a_box_with_orc_wizards_in_it, uniq_duvessa,
          uniq_crazy_yiuf_cottage
D:7:      minmay_flawed_box, layout_basic, uniq_joseph
D:8:      layout_basic, mainiacjoe_overflow_concentric_impassable,
          dpeg_oklobed_lair, guppyfry_shop_venom
D:9:      layout_loops_cross
Lair:1:   gammafunk_worm_tunnel, layout_chaotic_city
Lair:2:   layout_cave_pods, swamp_mist, grunt_megastairs_5,
          serial_bayou_shore_b, serial_bayou_shore_a

Skill      XL: |  1  2  3  4  5  6  7  8  9 10 11 |
---------------+----------------------------------+-----
Necromancy     | 5 |  5.3
Fighting       | 1 3 4 5 6 8 10 12 13 | 13.3
Unarmed Combat | 2 3 4 6 8 10 11 | 11.8
Dodging        | |  1.7
Stealth        | |  1.7
Spellcasting   | |  2.5

Action                     |  1- 3 |  4- 6 |  7- 9 | 10-12 || total
---------------------------+-------+-------+-------+-------++-------
  Melee: Dagger            |    15 |       |       |       ||    15
         Staff             |     2 |       |       |       ||     2
         Unarmed           |       |    51 |   353 |   372 ||   776
         Punch             |       |     1 |    12 |    28 ||    41
   Cast: Necrotise         |    67 |    67 |    26 |     4 ||   164
         Vampiric Draining |       |       |    13 |    20 ||    33
Ability: Lunge             |       |       |    11 |    16 ||    27
         Whirlwind         |       |       |     1 |     3 ||     4
    Use: Scroll            |       |       |       |    25 ||    25
         Potion            |       |       |       |     1 ||     1
   Stab: Sleeping          |       |       |     5 |     2 ||     7
         Paralysed         |       |       |    10 |    11 ||    21
 Armour: Robe              |    23 |    39 |    37 |       ||    99
         Leather armour    |       |       |   236 |   291 ||   527
         Skin              |       |       |       |     1 ||     1
  Dodge: Dodged            |    27 |    35 |   158 |   180 ||   400
         Form:             |       |     1 |       |       ||     1
         Beast             |       |     1 |       |       ||     1

Table legend: (Time is in decaauts)
 A = Elapsed time spent in this place.
 B = Non-inter-level travel time spent in this place.
 C = Inter-level travel time spent in this place.
 D = Time resting spent in this place.
 E = Time spent auto-exploring this place.
 F = Levels seen in this place.
 G = Mean time per level.
                   A        B        C        D        E       F      G
               +--------+--------+--------+--------+--------+-----+--------+
         Total |   9868 |   9312 |    556 |    224 |   6905 |  11 |  897.1 |
       Dungeon |   8633 |   8099 |    534 |    202 |   6037 |   9 |  959.2 |
          Lair |   1235 |   1213 |     22 |     22 |    868 |   2 |  617.5 |
               +--------+--------+--------+--------+--------+-----+--------+

Top non-repeatable levels by time:
     D:8: 1244 daAuts
     D:6: 1033 daAuts
     D:4: 991 daAuts
     D:2: 962 daAuts
     D:9: 931 daAuts
     D:5: 901 daAuts
     D:3: 894 daAuts
     D:7: 872 daAuts
  Lair:1: 817 daAuts
     D:1: 801 daAuts
  Lair:2: 417 daAuts
